[Event "FIDE WSCC 65 2022"]
[Site "Assisi"]
[Date "2022.11.20"]
[Round "6.1"]
[White "Jansa, Vlastimil"]
[Black "Nunn, John D M"]
[Result "1/2-1/2"]
[ECO "B92"]
[WhiteElo "2390"]
[BlackElo "2580"]
[Annotator "TA"]
[PlyCount "34"]
[EventDate "2022.11.14"]
[EventType "swiss"]
[EventCountry "ITA"]
[SourceTitle "playchess.com"]
[Source "ChessBase"]
[SourceQuality "1"]
[TimeControl "40/5400+30:1800+30"]

1. e4 c5 2. Nf3 d6 3. d4 cxd4 4. Nxd4 Nf6 5. Nc3 a6 6. Be2 e5 7. Nb3 Be7 8. O-O O-O 9. Kh1 b6 10. Bg5 Nbd7 {[%emt 0:00:42] B92: Sicilian Najdorf: 6 Be2.} 11. Nd5 Bb7 {[%emt 0:10:00] [#] aiming for ...Nxd5.} (11... h6 $5 12. Bh4 g5 $11) 12. Nxe7+ Qxe7 13. f3 h6 14. Bh4 g5 15. Bf2 {[%emt 0:00:31] The position is equal.} d5 16. exd5 Nxd5 17. Re1 {[%emt 0:01:10] [#]} Rad8 $146 {[%emt 0:07:56] A rather calm draw.   Weighted Error Value: White=0.00 (flawless) /Black=0.05 (flawless)} (17... Rfd8 $11) ({Predecessor:} 17... Rfd8 18. Bf1 Nf4 19. Qc1 Rac8 20. c3 a5 21. Qc2 Qf6 22. Rad1 h5 23. Nd2 Nc5 {½-½ (23) Jansa,V (2437)-Rashkovsky,N (2482) Bled 2018}) 1/2-1/2

[Event "FIDE WSCC 65 2022"]
[Site "Assisi"]
[Date "2022.11.20"]
[Round "6.2"]
[White "Vaisser, Anatoly"]
[Black "Gaprindashvili, Nona"]
[Result "1/2-1/2"]
[ECO "A44"]
[WhiteElo "2463"]
[BlackElo "2268"]
[Annotator "TA"]
[PlyCount "130"]
[EventDate "2022.11.14"]
[EventType "swiss"]
[EventCountry "ITA"]
[SourceTitle "playchess.com"]
[Source "ChessBase"]
[SourceQuality "1"]
[TimeControl "40/5400+30:1800+30"]

1. d4 c5 2. d5 e5 3. e4 d6 4. Nc3 g6 5. f4 f6 6. Nf3 {[%emt 0:08:33] A44: Semi-Benoni.} exf4 7. Bxf4 Nh6 $1 8. Bb5+ {[%emt 0:03:07] White is slightly better.} Nd7 {[%emt 0:01:21] [#]} 9. a4 $146 ({Predecessor:} 9. e5 dxe5 10. Nxe5 a6 11. Qe2 fxe5 12. Bxe5 axb5 13. Bf6+ Be7 14. Bxh8 Kf7 {1-0 (14) Ogaard,L (2386)-Gaprindashvili,N (2305) Drammen 2018}) 9... a6 10. Be2 Nf7 11. O-O Bg7 12. Qe1 O-O 13. Qg3 Nde5 14. Nd1 ({White should play} 14. Nxe5 $11 Nxe5 15. h4) 14... Bd7 (14... Nxf3+ $15 {was preferrable.} 15. Bxf3 f5) 15. a5 Bb5 16. Re1 Bxe2 17. Rxe2 Qd7 18. Nd2 Rae8 19. h3 Re7 20. Rf2 Qb5 21. Nc3 Qd7 (21... Qxb2 $2 22. Nb3 $18) 22. Nd1 f5 23. exf5 gxf5 24. Ne3 Ng6 25. Ndc4 {[%emt 0:02:45] Black must now prevent Nb6.} Nfe5 $1 26. Raf1 {[%emt 0:02:10] Strongly threatening Bxe5.} Nxc4 27. Nxc4 Re4 $1 28. Nb6 $36 {[%emt 0:01:03][%mdl 2048] Black is under pressure.} ({Reject} 28. Bxd6 f4 29. Qb3 Rxc4 $1 30. Bxf8 Rb4) 28... Qd8 (28... Qb5 $5 ) 29. Bg5 (29. Kh1 $14) 29... Qe8 (29... f4 $1 $15 30. Bxd8 (30. Bxf4 $2 Bd4 $19) 30... fxg3 31. Rxf8+ Bxf8) 30. c3 $14 ({But not} 30. Rxf5 Bd4+ 31. Kh2 Rxf5 32. Rxf5 Be5 33. Rxe5 Qxe5 $17) 30... f4 31. Bxf4 Nxf4 32. Rxf4 Rfxf4 33. Rxf4 Qe5 $2 {[%emt 0:00:12][%mdl 8192] [#]} (33... Rxf4 $14 34. Qxf4 Qe1+ 35. Qf1 Qe4) 34. Rg4 $2 (34. Rf8+ $3 Kxf8 35. Nd7+ Kf7 36. Nxe5+ Rxe5 37. Qf4+ Ke8 38. b4) 34... Re1+ $18 35. Kh2 $1 {[%emt 0:00:14][%cal Og4g7,Bg1h2,Bh2g3,Bg3f2,Bf2e2][%mdl 32] aiming for Rxg7+!} Qxg3+ 36. Kxg3 {[%emt 0:00:37][%mdl 4096] Endgame KRB-KRN} Kf7 37. Nc4 Bf8 38. Rf4+ Ke8 (38... Kg8 {was worth a try.} 39. Rg4+ Kf7 40. Rf4+ Kg8) 39. Kf2 Rd1 40. Rf5 Be7 41. Rh5 h6 42. Ke2 Rg1 43. g4 Bf8 44. Rf5 Be7 45. Rf3 {[%emt 0:02:05] And now Re3 would win.} Rh1 46. Kd2 Bg5+ 47. Kc2 Ke7 48. Ne3 Kd7 49. Kb3 Rh2 50. Nc4 {[%emt 0:00:00] Hoping for Rf7+.} Ke7 {[%emt 0:00:00] Against Rf7+} 51. Ka4 Rh1 52. Kb3 Rh2 53. Ne3 Kd7 $1 54. Nf5 Bc1 55. Kc4 Rxb2 56. Rf1 Bg5 {[%emt 0:00:00] [#]} 57. h4 (57. Ng7 $1 $16) 57... Bd8 $11 58. Nxh6 Bxh4 (58... Bxa5 $11 {remains equal.} 59. Kd3 b5) 59. Rf7+ $16 Ke8 60. Rh7 Bf6 61. Nf5 {[%emt 0:00:46] White is more active.} Be5 62. Rh6 (62. Ne3 $5 ) 62... Kd7 63. Rh7+ Ke8 $1 64. Rh6 (64. Ne3 $5 ) 64... Kd7 65. Rh7+ Ke8 $1 {[%emt 0:13:05] Black defended with fortune.  Weighted Error Value: White=0.30/Black=0.24 (precise)} 1/2-1/2

[Event "FIDE WSCC 65 2022"]
[Site "Assisi"]
[Date "2022.11.20"]
[Round "6.3"]
[White "Maryasin, Boris"]
[Black "Sideifzade, Fikret"]
[Result "1-0"]
[ECO "A45"]
[WhiteElo "2258"]
[BlackElo "2391"]
[Annotator "TA"]
[PlyCount "71"]
[EventDate "2022.11.14"]
[EventType "swiss"]
[EventCountry "ITA"]
[SourceTitle "playchess.com"]
[Source "ChessBase"]
[SourceQuality "1"]
[TimeControl "40/5400+30:1800+30"]

1. d4 Nf6 2. Nc3 c5 3. dxc5 e6 4. e4 Bxc5 5. e5 Ng8 (5... Nd5 $1 $14) 6. Qg4 {[%emt 0:01:59] A45: Trompowsky Attack.} Bf8 {[%emt 0:02:37] [#]} 7. Nf3 $146 ({Predecessor:} 7. Bd3 d5 8. exd6 Nf6 9. Qg3 Bxd6 10. Qxg7 Rg8 11. Qh6 Rxg2 12. Bg5 Nbd7 13. Nf3 {0-1 (43) Hoffmann,A (2185)-Song,M (2421) Chess.com INT 2021}) 7... Nc6 8. Bb5 (8. Bg5 $16 Qa5 9. Bb5) 8... Nge7 $14 9. O-O (9. Bg5 {seems wilder.} Qa5 10. Bxe7 Nxe7 11. O-O-O) 9... Nf5 (9... Ng6 $14) 10. Bg5 Qc7 (10... Qa5 $16) 11. Rfe1 ({White should try} 11. Bd3 $18) 11... h6 $16 12. Bd2 Be7 (12... Nb4 $16 {is a better defense.}) 13. Bd3 $18 h5 14. Qc4 d5 15. exd6 Nxd6 16. Qf4 O-O (16... Kf8 $142 17. Rad1 Ne8 18. Qxc7 Nxc7) 17. Ng5 (17. Rad1 $16) 17... g6 18. Qg3 {[%emt 0:02:11][%cal Og5e6] Nxe6! is the strong threat. White is much more active. The black rooks are badly placed.} Ne8 19. Bf4 $40 {[%emt 0:02:02][%mdl 128] White has strong attack.} Qb6 $2 {[%emt 0:01:31][%mdl 8192] Loses the game.} (19... Bd6 $16 {is tougher.} 20. Bxd6 Qxd6) 20. Nxf7 Rxf7 (20... Qd4 $142 21. Bh6 Qg4 22. Qxg4 hxg4 23. Bxf8 Kxf8) 21. Qxg6+ Kf8 22. Qxh5 Rxf4 (22... Qd4 $142) 23. Qh6+ Kg8 24. Qxf4 $2 (24. Bh7+ {mates} Kh8 25. Bg6+ Kg8 26. Qh7+ Kf8 27. Qh8#) 24... Qxb2 $2 {[%emt 0:00:11] [#]} (24... Qd4 25. Qxd4 (25. Qh6 Qg7 $16) 25... Nxd4) 25. Qh6 $1 {[%emt 0:01:21] White threatens Qh7+ and mate.} Nf6 {[%emt 0:02:10] [#] Prevents Qh7+.} (25... Ne5 26. Qh7+) 26. Rab1 $1 Qxc3 27. Re3 {[%emt 0:00:07] Hoping for Rg3+.} Ng4 28. Rg3 (28. Qh7+ $142 Kf8 29. Rf3+ Bf6 30. Bg6) 28... Qg7 {[%emt 0:00:32] [#]} 29. Qh5 (29. Rxg4 $142 $1 Qxg4 30. Qh7+ Kf8 31. Bg6 Qxg6 32. Qxg6) 29... e5 30. h3 {[%emt 0:00:14][%cal Ob1b7] aiming for Rxb7!} b6 $2 (30... Qf7 31. hxg4 Qxh5 32. gxh5+ Kh8) 31. Bc4+ (31. Qe8+ $142 Qf8 32. Qg6+ Qg7 33. Qxc6) 31... Kf8 32. hxg4 {[%emt 0:00:09] And now Rf3+ would win. Chess con chili.} Nd4 {[%emt 0:00:25] Inhibits Rf3+.} 33. Re1 Bd6 34. g5 (34. c3 $142 Be6 35. cxd4 Bxc4 36. dxe5) 34... Be6 $2 (34... Bf5) 35. Bxe6 {[%emt 0:00:31][%cal Og3f3] Intending Rf3+! and mate.} Nxe6 36. Qf3+ {[%emt 0:01:07] Weighted Error Value: White=0.84/Black=0.72} 1-0

[Event "FIDE WSCC 65 2022"]
[Site "Assisi"]
[Date "2022.11.20"]
[Round "6.4"]
[White "Birnboim, Nathan"]
[Black "Kierzek, Matthias"]
[Result "1-0"]
[ECO "B10"]
[WhiteElo "2361"]
[BlackElo "2237"]
[Annotator "TA"]
[PlyCount "53"]
[EventDate "2022.11.14"]
[EventType "swiss"]
[EventCountry "ITA"]
[SourceTitle "playchess.com"]
[Source "ChessBase"]
[SourceQuality "1"]
[TimeControl "40/5400+30:1800+30"]

1. e4 c6 2. d3 d5 3. Nd2 e5 4. Ngf3 Bd6 5. d4 exd4 6. exd5 Nf6 {[%emt 0:00:51] B10: Caro-Kann: 2 d3 and 2 c4.} 7. dxc6 Nxc6 8. Be2 O-O {[%emt 0:02:11] The position is equal.} 9. O-O Bc7 10. Nb3 Bb6 11. Bg5 h6 12. Bh4 g5 13. Bg3 {[%emt 0:00:35] [#]} a6 $146 ({Predecessor:} 13... Ne4 14. Bd3 Nxg3 15. fxg3 Be6 16. Qd2 a5 17. a4 Nb4 18. Kh1 Nxd3 19. Qxd3 Rc8 {½-½ (84) Safarli,E (2657)-Dreev,A (2644) Berlin 2015}) 14. Ne5 Re8 15. Nxc6 bxc6 16. Bc4 Bf5 {[%emt 0:03:06] Inhibits Qd3.} 17. Bd3 Ne4 18. Nd2 Qd5 19. Nc4 Bc5 (19... Nxg3 $2 20. Nxb6 Qd8 21. fxg3 $18 (21. Nxa8 Bxd3 22. Qxd3 Nxf1 $16)) 20. a3 a5 (20... Re6 $11) 21. Re1 $14 a4 {[%emt 0:02:33] [#]} (21... Bg6 $14) 22. Qf3 ({White should try} 22. Be5 $1 $16) 22... Re6 $11 23. Be5 Nd6 {[%emt 0:05:23] This move loses the game for Black.} (23... Bh7 $11 {and Black stays safe.}) 24. Bxd6 $18 (24. Bxf5 Qxf3 25. Bxe6 Qh5 $11) 24... Qxf3 25. gxf3 Bxd3 26. cxd3 ({Don't do} 26. Rxe6 $6 Bxc4 27. Rf6 (27. Bxc5 fxe6 28. Bxd4 Rf8 $11) (27. Rxh6 Kg7 $16) 27... Bxd6 28. Rxd6 Bd5 29. Rxh6 Rb8) 26... Bxd6 $2 (26... Rxd6 27. Nxd6 Bxd6) 27. Rxe6 {[%emt 0:00:10] Weighted Error Value: White=0.09 (flawless) /Black=0.40} 1-0

[Event "FIDE WSCC 65 2022"]
[Site "Assisi"]
[Date "2022.11.20"]
[Round "6.5"]
[White "Chapman, Terry P D"]
[Black "Fernandez Garcia, Jose Luis"]
[Result "0-1"]
[ECO "D41"]
[WhiteElo "2216"]
[BlackElo "2358"]
[Annotator "TA"]
[PlyCount "88"]
[EventDate "2022.11.14"]
[EventType "swiss"]
[EventCountry "ITA"]
[SourceTitle "playchess.com"]
[Source "ChessBase"]
[SourceQuality "1"]
[TimeControl "40/5400+30:1800+30"]

1. Nf3 d5 2. d4 Nf6 3. c4 e6 4. Nc3 c5 5. cxd5 Nxd5 6. e4 Nxc3 7. bxc3 cxd4 8. cxd4 Bb4+ 9. Bd2 Bxd2+ 10. Qxd2 O-O 11. Bc4 Nd7 12. O-O {[%emt 0:00:20] D41: Queen's Gambit Declined: Semi-Tarrasch with 5 cxd5.} b6 13. a4 Bb7 14. Rfe1 {[%emt 0:04:08] The position is equal.} Rc8 {[%emt 0:00:09] The old main line.} 15. Bd3 Nb8 {[%emt 0:11:13] [#]} 16. Rad1 $146 ({Predecessor:} 16. d5 exd5 17. e5 Qe7 18. Qf4 Na6 19. Ng5 h6 20. Nh7 Nb4 21. Nxf8 Qxf8 22. Bf5 {1-0 (43) Keymer,V (2607)-Lei,T (2505) chess24.com INT 2021}) 16... h6 17. Re3 Re8 18. Bb1 Nd7 19. e5 (19. Ra3 $11) 19... Bxf3 20. gxf3 ({Much worse is} 20. Rxf3 Nxe5 21. Rg3 Kf8 $1 $17) 20... Nf8 21. f4 Qh4 22. Rg3 Red8 23. Ba2 {[%emt 0:02:42] Prevents Rc4.} Rc7 24. Kh1 Kh8 25. Rdg1 Rcd7 (25... Ng6 $1 $11 {keeps the balance.} 26. Bb1 Rcd7 27. Bxg6 fxg6) 26. d5 $1 $16 {[%emt 0:04:49] Strongly threatening d6.} ({But not} 26. Rxg7 Ng6 27. R1xg6 fxg6 28. Rxd7 Rxd7 29. Bxe6 Rd8 $14) 26... Rxd5 27. Bxd5 Rxd5 28. Qe3 Ng6 {[%emt 0:00:08] [#]} 29. Rg4 ({White should play} 29. Qf3 $1 $16) 29... Qd8 $11 30. R4g3 Rd4 31. f3 Qd5 32. f5 (32. R3g2 $11 Rd3 33. Qe4) 32... exf5 $17 {[%emt 0:00:30][%cal Be6f5,Bf5f4][%mdl 32] White must now prevent ...f4. Black is more active.} 33. e6 $2 {[%emt 0:01:42][%mdl 8192] Loses the game.} (33. Qe2 $17 Nxe5 34. Qb5) 33... f4 $19 34. e7 Nxe7 $1 ({Not} 34... fxe3 35. e8=Q+ Kh7 36. Rxg6 Qxf3+ 37. R6g2 $11) 35. Qxe7 fxg3 36. Rxg3 {[%emt 0:00:05][%mdl 4096] Endgame KQR-KQR} Kh7 {[%emt 0:02:21] And now ...Rd1+ would win.} 37. Qxa7 Rd1+ 38. Kg2 Rd2+ 39. Kh1 Qa2 (39... Rb2 $142 40. Qxb6 Rxb6 41. h4 Rb2 42. h5 Qd1+ 43. Rg1 Qxf3+ 44. Rg2 Qxg2#) 40. Qxb6 {[%emt 0:00:26] Black is clearly winning.} Rxh2+ 41. Kg1 Rb2 42. Rxg7+ Kxg7 43. Qd4+ f6 {[%emt 0:00:05] ( -> ...Rb1+)} 44. Qg4+ Kh8 {[%emt 0:00:08] Weighted Error Value: White=0.59/Black=0.27 (precise)} 0-1

[Event "FIDE WSCC 65 2022"]
[Site "Assisi"]
[Date "2022.11.20"]
[Round "6.6"]
[White "Kristiansen, Jens"]
[Black "De Jong, Tom"]
[Result "1-0"]
[ECO "C00"]
[WhiteElo "2353"]
[BlackElo "2216"]
[Annotator "TA"]
[PlyCount "67"]
[EventDate "2022.11.14"]
[EventType "swiss"]
[EventCountry "ITA"]
[SourceTitle "playchess.com"]
[Source "ChessBase"]
[SourceQuality "1"]
[TimeControl "40/5400+30:1800+30"]

1. Nf3 d5 2. g3 c5 3. Bg2 Nc6 4. O-O Nf6 5. d3 e6 6. Nbd2 Be7 7. e4 O-O 8. Re1 b5 9. e5 Nd7 10. Nf1 Bb7 11. h4 Qc7 12. Bf4 Rfc8 {[%emt 0:00:17] C00: French: Unusual White 2nd moves.} 13. h5 h6 $1 14. Ne3 Qd8 {[%emt 0:09:31] Black is slightly better.} ({Much less strong is} 14... Ncxe5 15. Nxe5 Nxe5 16. Ng4 $16) 15. c4 bxc4 16. dxc4 d4 17. Ng4 {[%emt 0:00:44] [#]} Nb6 $146 ({Predecessor:} 17... Bf8 18. Nd2 Rcb8 19. Ne4 Ne7 20. b4 cxb4 21. Qxd4 Nf5 22. Qxd7 Qxd7 23. Nxh6+ gxh6 {1-0 (45) Gukesh,D (2547)-Rafiee,M (2335) Sitges 2019}) 18. b3 a5 19. Nd2 (19. Qd2 {with more complications.} Nb4 20. Nxh6+ gxh6 21. Bxh6 Bf8 22. a3) 19... a4 20. Ne4 (20. Rb1 $11 {keeps the balance.}) 20... axb3 $17 21. axb3 Rxa1 (21... Nd7 {seems wilder.} 22. Rxa8 Rxa8 23. Nd6 Bxd6 24. exd6 Kh8) 22. Qxa1 Ra8 23. Qd1 (23. Qc1 $1 $11 Nd7 24. Nd6 Bxd6 25. exd6) 23... Nc8 $2 (23... Nd7 $1 $15 {stays ahead.}) 24. Ngf6+ $2 gxf6 $2 (24... Kh8 $1 $11 {and Black is okay.}) 25. Qg4+ $18 Kh8 (25... Kh7 $2 26. exf6 Bf8 27. Nxc5 $1 Qxf6 28. Nxb7 $18) 26. exf6 (26. Bxh6 $18 Bf8 27. Nxf6 $1 Bxh6 28. Qe4 Qxf6 29. exf6) 26... Bxf6 $16 {[%emt 0:05:06] Strongly threatening ...Qe7.} 27. Bxh6 $2 {[%emt 0:04:20][%mdl 8192] White has more active pieces.} (27. Nxc5 $16 Qe7 28. Nxb7 Qxb7 29. Bxh6) 27... Ne5 $19 28. Qd1 {[%emt 0:01:43] Hoping for Nxf6.} Bg7 {[%emt 0:07:59][%mdl 8192] [#]} (28... Bxe4 $19 {avoids the disaster.} 29. Rxe4 Ra2) 29. Bf4 $2 ({Only move:} 29. Bg5 $1 $18 f6 30. h6 Bxe4 31. hxg7+ (31. Bxe4 Nd6 $16) 31... Kxg7 32. Rxe4 (32. Bxe4 Nd6 $16) 32... fxg5 33. Rxe5) 29... Nd7 $2 (29... Bxe4 $1 $11 30. h6 Bf6 31. Bxe4 Ra7) 30. h6 $18 {[%emt 0:04:19] White is clearly winning.} Bf8 31. Ng5 {[%emt 0:00:29][%mdl 64] Discovered Attack} Qf6 32. Bxb7 {[%emt 0:00:52] And now Qh5 would win.} Bxh6 33. Bxa8 {[%emt 0:00:31] This pair of bishops is nice.} Bxg5 34. Qh5+ {[%emt 0:00:09] Weighted Error Value: White=0.68/Black=1.12} 1-0

[Event "FIDE WSCC 65 2022"]
[Site "Assisi"]
[Date "2022.11.20"]
[Round "6.7"]
[White "Lederman, Leon"]
[Black "Legky, Nikolay A"]
[Result "1/2-1/2"]
[ECO "C60"]
[WhiteElo "2215"]
[BlackElo "2350"]
[Annotator "TA"]
[PlyCount "50"]
[EventDate "2022.11.14"]
[EventType "swiss"]
[EventCountry "ITA"]
[SourceTitle "playchess.com"]
[Source "ChessBase"]
[SourceQuality "1"]
[TimeControl "40/5400+30:1800+30"]

1. e4 e5 2. Nf3 Nc6 3. Bb5 Nge7 4. O-O Ng6 5. d4 exd4 6. Nxd4 Bc5 7. Be3 {[%emt 0:01:28] C60: Ruy Lopez: Unusual Black 3rd moves and 3...g6.} Bxd4 8. Bxd4 Qg5 9. Be2 ({Stronger than} 9. Bxg7 Nh4 $1 10. g3 Qxg7 $19) (9. Bxc6 $11 bxc6 10. g3) 9... Nxd4 (9... Nf4 $5 10. Bf3 $8 Nxd4 11. Qxd4 Qxg2+ $1 12. Bxg2 Ne2+ 13. Kh1 Nxd4 $11) 10. Qxd4 {[%emt 0:00:14] [#]} d6 $146 (10... Nf4 $15 11. Bf3 {[#]} Qxg2+ $1 12. Bxg2 Ne2+ 13. Kh1 Nxd4) ({Predecessor:} 10... Nf4 11. Bf3 Qxg2+ 12. Bxg2 Ne2+ 13. Kh1 Nxd4 14. Na3 a6 15. f4 d6 16. Rad1 Nc6 {½-½ (98) Hebden,M (2448)-Connell,B (2230) Chess.com INT 2022}) 11. g3 $11 Qe5 (11... Nf4 {looks sharper.} 12. Nc3 O-O 13. Bf3 Bh3) 12. Qxe5+ (12. c3 {is more complex.} Bh3 13. Re1 h5 14. f4) 12... dxe5 13. Nc3 {[%emt 0:00:05][%cal Bb1c3,Bc3d1,Bd1e3,Be3c4,Bc4b6][%mdl 32] next Nb5 is good for White.} c6 {[%emt 0:00:07] Against Nb5} 14. a4 a5 15. Rfb1 Nf8 16. b4 Ne6 17. Nd1 {[%emt 0:11:04] The position is equal.} Nd4 18. Bd3 axb4 19. Rxb4 Ke7 20. Ne3 Rd8 21. Nc4 f6 22. Nb6 Ra7 23. f4 Be6 24. f5 Bf7 25. Kf2 Rh8 {[%emt 0:38:07] Weighted Error Value: White=0.11 (very precise) /Black=0.10 (very precise)} (25... Nxc2 $2 26. Bxc2 Ra5 27. Bd1 $18) (25... Kf8 $11 {remains equal.}) 1/2-1/2

[Event "FIDE WSCC 65 2022"]
[Site "Assisi"]
[Date "2022.11.20"]
[Round "6.8"]
[White "Hebert, Jean"]
[Black "Petran, Peter"]
[Result "1-0"]
[ECO "E90"]
[WhiteElo "2333"]
[BlackElo "2213"]
[Annotator "TA"]
[PlyCount "109"]
[EventDate "2022.11.14"]
[EventType "swiss"]
[EventCountry "ITA"]
[SourceTitle "playchess.com"]
[Source "ChessBase"]
[SourceQuality "1"]
[TimeControl "40/5400+30:1800+30"]

1. d4 g6 2. e4 Bg7 3. c4 d6 4. Nc3 Nf6 5. Nf3 O-O 6. h3 c5 7. d5 e6 8. Bd3 exd5 9. exd5 Re8+ 10. Be3 a6 11. O-O b5 12. cxb5 axb5 {[%emt 0:00:07] E90: King's Indian: Classical: Early deviations and 6 h3.} 13. Bxb5 {[%emt 0:00:46] [#]} Re7 $146 ({Predecessor:} 13... Bd7 14. Bc4 Ne4 15. Nxe4 Rxe4 16. Bd3 Rb4 17. b3 Bxa1 18. Qxa1 Rxb3 19. Bg5 Qf8 20. axb3 Rxa1 21. Rxa1 {0-1 (34) Ashiev,E (2202)-Kaufman,R (2255) Chess.com INT 2020}) 14. Re1 Ba6 {[%emt 0:02:23] White is better.} 15. Bxa6 Rxa6 16. Qc2 Nbd7 17. Bf4 Rxe1+ 18. Rxe1 Qb8 19. b3 {[%emt 0:19:07] White is more active.} Nh5 20. Bd2 Ne5 (20... Nhf6 $16) 21. Nxe5 $18 Bxe5 22. a4 Qb7 23. Nb5 Ra8 24. Bc3 Bxc3 (24... Qxd5 $2 25. Bxe5 Rd8 26. Bh2 $18) 25. Qxc3 (25. Nxc3 Rd8 $16) 25... Rd8 (25... Qd7 $142 26. Qe3 Nf6) 26. Qf3 (26. g4 $142 Ng7 27. Qf6) 26... Qd7 27. Re4 ({Better is} 27. Qg4 $18) 27... Qf5 (27... Qb7 $16 28. g4 Ng7) 28. Qxf5 gxf5 {[%emt 0:00:06][%mdl 4096] Endgame KRN-KRN} 29. Rc4 Nf6 30. a5 Nxd5 31. a6 Nb6 32. Rf4 Kf8 33. Rxf5 Ke7 34. Kf1 Ra8 35. a7 Nc8 {[%emt 0:00:29] [#]} 36. Rf4 $1 {[%emt 0:00:48] Strongly threatening Ra4.} (36. Rd5 Kd7 $11) 36... Kd7 37. Rxf7+ Kc6 38. Nc3 ({Don't take} 38. Rxh7 $6 Kxb5 39. Rh8 Kb4 $11) 38... Rxa7 39. Rxa7 Nxa7 {[%emt 0:00:05] KN-KN} 40. g4 d5 41. Ke2 d4 $2 {[%emt 0:00:40][%mdl 8192] This move loses the game for Black.} (41... Kd6 $16 {is more resistant.}) 42. Ne4 Kb5 (42... h6 $142 43. h4 Kd5) 43. g5 Nc6 44. h4 Kb4 45. h5 Kxb3 46. Nxc5+ Kc4 47. Nd3 {[%emt 0:02:02] [#] And now g6 would win.} Kd5 48. Kf3 (48. g6 $142 hxg6 49. h6) 48... Nd8 49. Kg4 $2 (49. g6 hxg6 50. Nf4+ (50. hxg6 Ke6 $16) 50... Ke5 $14) (49. Kf4 Ke6 50. Ne5 (50. g6 hxg6 51. h6 Kf6 $11)) 49... Ke6 $2 (49... Ke4 50. Nc5+ Kd5) 50. f4 ({Weaker is} 50. g6 hxg6 51. hxg6 Kf6 $11) 50... Kf7 51. Kf5 {[%emt 0:02:05] Threatening mate with h6.} Nc6 52. Ke4 {[%emt 0:00:46] White mates.} Kg7 53. Ne5 Ne7 54. h6+ Kg8 55. Kxd4 {[%emt 0:01:32] Weighted Error Value: White=0.29 (precise) /Black=0.53} (55. f5 $142 d3 56. f6 Ng6 57. f7+ Kf8 58. Nxg6+ Kxf7 59. Ne5+ Kg8 60. Nxd3) 1-0

[Event "FIDE WSCC 65 2022"]
[Site "Assisi"]
[Date "2022.11.20"]
[Round "6.9"]
[White "Jurek, Josef"]
[Black "Bogdanov, Valentin"]
[Result "1/2-1/2"]
[ECO "D76"]
[WhiteElo "2211"]
[BlackElo "2323"]
[Annotator "TA"]
[PlyCount "41"]
[EventDate "2022.11.14"]
[EventType "swiss"]
[EventCountry "ITA"]
[SourceTitle "playchess.com"]
[Source "ChessBase"]
[SourceQuality "1"]
[TimeControl "40/5400+30:1800+30"]

1. Nf3 Nf6 2. c4 g6 3. g3 Bg7 4. Bg2 O-O 5. d4 d5 6. cxd5 Nxd5 7. O-O Nb6 8. Nc3 Nc6 9. e3 a5 10. d5 {[%emt 0:00:50] seems to push 10.b3 aside.} Nb4 {[%emt 0:00:21][%cal Rb4d5] D76: Fianchetto Grünfeld: Main Line with 7...Nb6.} 11. e4 f5 12. Ng5 h6 13. a3 (13. Ne6 {is more complex.} Bxe6 14. dxe6 Qxd1 15. Rxd1 c6 16. exf5 gxf5 17. Bf4) 13... hxg5 14. axb4 axb4 15. Rxa8 Nxa8 16. Ne2 {[%emt 0:04:00] [#]} fxe4 $146 ({Predecessor:} 16... e6 17. h4 gxh4 18. Nf4 hxg3 19. Nxg6 gxf2+ 20. Rxf2 Rf7 21. e5 Nb6 22. Qh5 Nxd5 {½-½ (39) Zhekov,Z-Angelov,R (2245) ICCF email 2016}) 17. Bxg5 Nb6 (17... Qd6 $1 $11) 18. Nf4 (18. Bxe4 $5 Bf5 19. Bg2 $14) 18... Qd6 (18... Bxb2 $2 19. Bxe4 (19. Nxg6 Rf7 $18) 19... Rxf4 20. Bxf4 $18) 19. h4 ({Much weaker is} 19. Bxe4 Qe5 20. Nxg6 Qxg5 $15) 19... e3 20. fxe3 Nc4 21. Qe2 {[%emt 0:56:15] Weighted Error Value: White=0.09 (flawless) /Black=0.05 (flawless)} 1/2-1/2

[Event "FIDE WSCC 65 2022"]
[Site "Assisi"]
[Date "2022.11.20"]
[Round "6.10"]
[White "Roos, Louis"]
[Black "Mojzis, Jaroslav"]
[Result "0-1"]
[ECO "E12"]
[WhiteElo "2293"]
[BlackElo "2094"]
[Annotator "TA"]
[PlyCount "72"]
[EventDate "2022.11.14"]
[EventType "swiss"]
[EventCountry "ITA"]
[SourceTitle "playchess.com"]
[Source "ChessBase"]
[SourceQuality "1"]
[TimeControl "40/5400+30:1800+30"]

1. Nf3 Nf6 2. c4 b6 3. Nc3 Bb7 4. e3 e6 5. a3 c5 6. d4 Ne4 {[%emt 0:05:19] E12: Queen's Indian: Unusual White 4th moves, 4 a3, 4 Nc3 Bb7 5 a3 and 4 Nc3 Bb7 .} 7. Nxe4 Bxe4 8. Bd3 Bxd3 {[%emt 0:07:00] White is slightly better.} 9. Qxd3 cxd4 10. Nxd4 {[%emt 0:07:33] [#]} Be7 $146 ({Predecessor:} 10... Nc6 11. O-O Be7 12. Nf3 O-O 13. e4 Bf6 14. Ra2 Qc7 15. b3 Rfd8 16. Rd1 Rac8 {1-0 (56) Browne,W (2585)-Kavalek,L (2540) Manila 1976}) 11. Bd2 O-O 12. O-O Nc6 13. Nf3 Bf6 14. Rab1 Qc7 15. e4 Ne5 16. Nxe5 Bxe5 17. f4 Bd6 18. e5 (18. h3 {is more appropriate.}) 18... Be7 19. Rbc1 d6 20. Qg3 g6 21. exd6 Bxd6 22. Bc3 Rfd8 ({But not} 22... Qxc4 {[#]} 23. Bg7 $1 Bc5+ 24. Kh1 $11) 23. b4 {[%emt 0:00:38] Inhibits Bc5+.} Bf8 (23... a5 {looks sharper.} 24. Kh1 axb4 25. axb4 Ra4) 24. Be5 Qc6 25. Qc3 (25. Bb2 $11 Rd2 26. Rf2) 25... Rac8 26. h4 h5 (26... Qe4 $5 ) 27. Rfe1 Rd7 (27... a5 $5) 28. Bf6 {[%emt 0:01:21] Prevents a5.} (28. Red1 $15) 28... Qc7 (28... a5 {seems wilder.} 29. Kh2 axb4 30. axb4 Qd6) 29. Re5 (29. Rf1 $15) 29... Qd6 ({Black should play} 29... Bd6 $17 30. Re4 Bxf4) 30. Rxh5 $2 {[%emt 0:00:00][%mdl 8192] Now White is beyond hope.} gxh5 $19 31. Qg3+ Kh7 32. Qg5 Qd3 33. Qxh5+ Bh6 {[%emt 0:00:10] [#] ( -> ...Qe3+)} 34. Ba1 Qg6 (34... Qe3+ $142 35. Kh2 Qxf4+ 36. g3 Rd2+ 37. Kh3 Qf2 38. Bf6 Qg2+ 39. Kg4 Rg8+ 40. Qg5 Rd4+ 41. Bxd4 f5+ 42. Kh5 Rxg5+ 43. hxg5 Qh3#) 35. Qf3 Rd3 36. h5 Qf5 {[%emt 0:01:07] Weighted Error Value: White=0.95/Black=0.34} ({Stronger than} 36... Rxf3 37. hxg6+ Kxg6 38. gxf3 $15) 0-1